 Dungeon Crawl Stone Soup version 0.28.0-43-g3370ac3207 (webtiles) character file.

Game seed: 10157202035989621423

7830 boopmooplesden the Carver (level 11, -4/99 HPs)
             Began as a Minotaur Berserker on Mar 18, 2022.
             Was an Elder of Trog.
             Slain by a +2 scimitar of chaos (15 damage)
             ... on level 11 of the Dungeon.
             The game lasted 00:11:31 (8853 turns).

boopmooplesden the Carver (Minotaur Berserker)      Turns: 8853, Time: 00:11:32

Health: -4/99      AC: 19    Str: 22    XL:     11   Next: 1%
Magic:  6/10       EV: 14    Int:  6    God:    Trog [****..]
Gold:   450        SH:  0    Dex: 12    Spells: 10/10 levels left

rFire   . . .      SeeInvis .   E - +1 double sword (elec)
rCold   . . .      Faith    .   (no shield)
rNeg    . . .      Spirit   .   h - +5 swamp dragon scales
rPois   +          Reflect  .   (helmet restricted)
rElec   .          Harm     .   q - +0 cloak
rCorr   .          Rampage  .   (no gloves)
Will    .....                   j - +2 pair of boots
Stlth   +.........              (no amulet)
HPRegen 0.26/turn               (no ring)
MPRegen 0.12/turn               (no ring)

@: on berserk cooldown, slowed, very slow
A: horns 2, retaliatory headbutt
a: Renounce Religion, Berserk, Trog's Hand, Brothers in Arms


You were on level 11 of the Dungeon.
You worshipped Trog.
Trog was greatly pleased with you.
You visited 1 branch of the dungeon, and saw 11 of its levels.

You collected 450 gold pieces.

Inventory:

Hand Weapons
 a - a +1 falchion
 C - a +0 scimitar of flaming
 E - a +1 double sword of electrocution (weapon)
Missiles
 i - 2 javelins (quivered)
Armour
 b - a +0 animal skin
 h - +5 swamp dragon scales (worn)
 j - a +2 pair of boots (worn)
 m - the +0 leather armour of the Comet {Int+6}
   (You found it on level 2 of the Dungeon)

   Int:       It affects your intelligence (+6).
 q - a +0 cloak (worn)
Jewellery
 s - a ring of ice
 z - a +6 ring of intelligence
Wands
 r - a wand of flame (26)
 y - a wand of iceblast (18)
 A - a wand of polymorph (10)
 F - a wand of acid (3)
Scrolls
 f - 2 scrolls of immolation
 o - a scroll of enchant weapon
 p - 3 scrolls of identify
 u - 4 scrolls of blinking
 x - a scroll of vulnerability
 H - a scroll of teleportation
Potions
 c - a potion of heal wounds
 d - 2 potions of berserk rage {unknown}
 e - 2 potions of invisibility {unknown}
 g - a potion of ambrosia {unknown}
 k - a potion of mutation {unknown}
 l - 2 potions of lignification {unknown}
 n - 8 potions of brilliance {unknown}
 t - 2 potions of haste {unknown}
 v - 3 potions of curing {unknown}
 w - a potion of might {unknown}
 B - a potion of degeneration {unknown}
 D - 2 potions of flight {unknown}


   Skills:
 + Level 10.0 Fighting
 + Level 14.0 Long Blades
 + Level 8.7 Armour
 + Level 7.5 Dodging
 + Level 2.0 Stealth


You had 10 spell levels left.
You didn't know any spells.
Your spell library was empty.

Dungeon Overview and Level Annotations

Branches:
Dungeon (11/15)            Temple (0/1) D:4             Orc (0/2) D:9
   Lair: D:8-11

Altars:
Ashenzari
Cheibriados
Hepliaklqana
Nemelex Xobeh
Qazlal
Ru
Sif Muna
Uskayaw
Vehumet
Xom

Shops:
D:7 (

Annotations:
D:11 nickcage's ghost, journeyman DrBe


Innate Abilities, Weirdness & Mutations

You have a pair of horns on your head.
You reflexively headbutt those who attack you in melee.


Message History

The +2 scimitar of chaos hits you!
You are electrocuted!
You hit the +2 scimitar of chaos. You headbutt the +2 scimitar of chaos!
The +2 scimitar of chaos is severely damaged.
The +2 scimitar of chaos closely misses you.
You miss the +2 scimitar of chaos.
The +2 scimitar of chaos is severely damaged.
The +2 scimitar of chaos hits you. The +2 scimitar of chaos burns you.
You closely miss the +2 scimitar of chaos.
Your headbutt misses the +2 scimitar of chaos.
The +2 scimitar of chaos is severely damaged.
The +2 scimitar of chaos hits you but does no damage.
You miss the +2 scimitar of chaos.
Your headbutt misses the +2 scimitar of chaos.
The +2 scimitar of chaos is severely damaged.
You barely miss the +2 scimitar of chaos.
The +2 scimitar of chaos is severely damaged.
The +2 scimitar of chaos hits you!!
* * * LOW HITPOINT WARNING * * *
You miss the +2 scimitar of chaos.
The +2 scimitar of chaos is severely damaged.
The +2 scimitar of chaos hits you but does no damage.
You feel a strong urge to attack something.
You are no longer berserk.
You are exhausted.
You feel yourself slow down.
Nickcage's ghost screams in joy, "As in life, so in death: Kill!
Kill!!
Kill!!!"
The +2 scimitar of chaos hits you.
* * * LOW HITPOINT WARNING * * *
The +2 scimitar of chaos hits you.
* * * LOW HITPOINT WARNING * * *
The +2 scimitar of chaos freezes you.
* * * LOW HITPOINT WARNING * * *
The +2 scimitar of chaos hits you.
* * * LOW HITPOINT WARNING * * *
The +2 scimitar of chaos freezes you.
* * * LOW HITPOINT WARNING * * *
There is a stone staircase leading up here.
The +2 scimitar of chaos hits you but does no damage.
The +2 scimitar of chaos hits you!
You die...

.# #.# #.# #.#
##.##
########...######
#........#......#
#.#####.W.......#
#.@(.......#
#.....##'###
#.....#(_.#
#....###.##
#....## ##
...#..# ###...##
##.##


You could see a +2 scimitar of chaos and nickcage's ghost.

Vanquished Creatures
  Erica (D:8)
  Pikel (D:9)
  The ghost of croobank the Skirmisher, a novice HOFi of Beogh (D:5)
  A hornet (D:9)
  A shadow (D:10)
  Sigmund (D:2)
  11 yaks
  3 vampire mosquitoes (D:10)
  An acid dragon (D:9)
  A water moccasin (D:8)
  Pargi (D:3)
  4 orc warriors
  2 sky beasts
  An ice beast (D:7)
  A black bear (D:5)
  A necrophage (D:7)
  A centaur (D:8)
  2 phantoms (D:5)
  2 gnoll sergeants
  2 kobold brigands
  A scorpion (D:6)
  3 bullfrogs
  A water moccasin skeleton (D:5)
  3 killer bees (D:10)
  6 centaur zombies
  An orc priest (D:8)
  7 hounds
  A bullfrog skeleton (D:5)
  A jelly (D:4)
  Crazy Yiuf (D:7)
  A centaur skeleton (D:7)
  4 iguanas
  Terence (D:3)
  Jessica (D:2)
  Natasha (thrice) (D:4)
  A gnoll shaman (D:3)
  6 orc wizards
  Robin (D:3)
  3 howler monkey zombies
  9 adders
  10 gnolls
  An adder zombie (D:5)
  A dart slug (D:2)
  24 orcs
  4 ball pythons
  4 bats
  7 endoplasms
  4 giant cockroaches
  14 hobgoblins
  12 kobolds
  6 quokkas
  5 frilled lizards
  15 goblins
  9 rats
210 creatures vanquished.

Notes
Turn   | Place    | Note
-------+----------+-------------------------------------------
     0 | D:1      | boopmooplesden the Minotaur Berserker began the quest for
                  | the Orb.
     0 | D:1      | Reached XP level 1. HP: 19/19 MP: 0/0
   430 | D:1      | Reached XP level 2. HP: 27/27 MP: 1/1
   641 | D:1      | Reached skill level 4 in Long Blades
  1294 | D:2      | Noticed Jessica
  1300 | D:2      | Killed Jessica
  1301 | D:2      | Reached XP level 3. HP: 31/34 MP: 2/2
  1393 | D:2      | Identified the +0 leather armour of the Comet {Int+6}
  1422 | D:2      | Noticed Sigmund
  1425 | D:2      | Reached ** piety under Trog
  1430 | D:2      | Killed Sigmund
  1431 | D:2      | Reached skill level 5 in Fighting
  1431 | D:2      | Reached skill level 5 in Long Blades
  1431 | D:2      | Reached XP level 4. HP: 42/42 MP: 3/3
  1431 | D:2      | Reached XP level 5. HP: 48/48 MP: 4/4
  1852 | D:3      | Reached skill level 6 in Long Blades
  1852 | D:3      | Reached XP level 6. HP: 57/57 MP: 5/5
  1948 | D:3      | Noticed Robin
  1962 | D:3      | Noticed Terence
  1968 | D:3      | Killed Robin
  1971 | D:3      | Reached *** piety under Trog
  1977 | D:3      | Killed Terence
  2205 | D:3      | Noticed Pargi
  2211 | D:3      | Killed Pargi
  2212 | D:3      | Reached skill level 7 in Long Blades
  2226 | D:3      | Reached XP level 7. HP: 63/63 MP: 6/6
  2385 | D:4      | Found a staircase to the Ecumenical Temple.
  2592 | D:4      | Noticed Natasha
  2601 | D:4      | Killed Natasha
  2746 | D:4      | Noticed Natasha
  2756 | D:4      | Killed Natasha
  2785 | D:4      | Noticed Natasha
  2790 | D:4      | Killed Natasha
  3007 | D:5      | Entered Level 5 of the Dungeon
  3094 | D:5      | Reached skill level 8 in Long Blades
  3337 | D:5      | Found a runed translucent door.
  3339 | D:5      | Noticed croobank's ghost (novice HOFi)
  3379 | D:5      | Killed croobank's ghost
  3380 | D:5      | Reached skill level 9 in Long Blades
  3380 | D:5      | Reached skill level 1 in Stealth
  3380 | D:5      | Reached XP level 8. HP: 51/71 MP: 7/7
  3613 | D:5      | Reached skill level 5 in Armour
  3676 | D:5      | Reached **** piety under Trog
  3829 | D:5      | You fall into a shaft and drop 3 floors!
  3838 | D:8      | Reached skill level 10 in Long Blades
  4051 | D:7      | Found Kiung's Antique Weapon Boutique.
  4169 | D:6      | Reached XP level 9. HP: 71/79 MP: 8/8
  4283 | D:6      | Reached skill level 5 in Dodging
  5088 | D:7      | Reached skill level 11 in Long Blades
  5155 | D:7      | Found a broken altar of Ashenzari.
  5368 | D:7      | Found a runed translucent door.
  5369 | D:7      | Noticed Crazy Yiuf
  5375 | D:7      | Killed Crazy Yiuf
  5810 | D:8      | Noticed Erica
  5823 | D:8      | Killed Erica
  5824 | D:8      | Reached skill level 12 in Long Blades
  6075 | D:8      | Found a shimmering blue altar of Sif Muna.
  6105 | D:8      | Found a hide-covered altar of Uskayaw.
  6358 | D:8      | Found a sacrificial altar of Ru.
  6365 | D:8      | Found a stormy altar of Qazlal.
  6370 | D:8      | Found a sparkling altar of Nemelex Xobeh.
  6370 | D:8      | Found a radiant altar of Vehumet.
  6377 | D:8      | Found a snail-covered altar of Cheibriados.
  6495 | D:8      | Reached XP level 10. HP: 90/90 MP: 9/9
  6597 | D:8      | Found a hazy altar of Hepliaklqana.
  7034 | D:9      | Noticed Pikel
  7064 | D:9      | Killed Pikel
  7210 | D:9      | Reached skill level 13 in Long Blades
  7293 | D:9      | Found a staircase to the Orcish Mines.
  7601 | D:10     | Entered Level 10 of the Dungeon
  8415 | D:10     | Reached skill level 10 in Fighting
  8418 | D:10     | Reached XP level 11. HP: 63/99 MP: 10/10
  8424 | D:10     | Reached skill level 14 in Long Blades
  8624 | D:10     | Identified a scroll of acquirement
  8624 | D:10     | Acquired a +1 double sword of electrocution
  8826 | D:11     | Found a runed translucent door.
  8828 | D:11     | Found a shimmering altar of Xom.
  8828 | D:11     | Noticed nickcage's ghost (journeyman DrBe)
  8829 | D:11     | Noticed a +2 scimitar of chaos
  8853 | D:11     | Slain by a +2 scimitar of chaos

Illustrated notes

Levels and vault maps discovered:
D:1:      minmay_arrival_widening_spiral_wide, layout_loops_corners,
          minivault_27
D:2:      minmay_razor_zed, layout_rooms, uniq_sigmund, uniq_jessica
D:3:      layout_rooms, uniq_robin, uniq_terence, uniq_pargi
D:4:      layout_basic, minmay_temple_entry_butterflies, uniq_natasha
D:5:      layout_gridville, ebering_ghost_sewer_d, kennysheep_donut,
          minivault_27
D:6:      layout_basic
D:7:      layout_loops_ring, kennysheep_mini_moat, serial_shops, shop,
          hex_large, uniq_crazy_yiuf_cottage
D:8:      layout_layer_cave, worldfamousw_hep_ancestral_shrine,
          mainiacjoe_overflow_two_lobes, nicolae_overflow_hallway_of_the_gods,
          chequers_serial_rivers_micro_c, uniq_erica
D:9:      layout_rooms, orc_0_dummy, uniq_pikel
D:10:     layout_basic
D:11:     minmay_angry_zag, layout_loops_ring, erik_lair_dragon, serial_shops,
          shop, ebering_ghost_xom

Skill      XL: |  1  2  3  4  5  6  7  8  9 10 11 |
---------------+----------------------------------+-----
Fighting       | 4 5 6 7 8 10 | 10.0
Long Blades    | 4 5 6 7 9 10 12 13 14 | 14.0
Dodging        | 3 4 6 7 |  7.5
Armour         | 3 4 6 7 8 |  8.7
Stealth        | 1 2 |  2.0

Action                   |  1- 3 |  4- 6 |  7- 9 | 10-12 || total
-------------------------+-------+-------+-------+-------++-------
Melee: Falchion          |    46 |    99 |   280 |       ||   425
       Headbutt          |     5 |    16 |    53 |    27 ||   101
       Punch             |     1 |     1 |     1 |     3 ||     6
       Scimitar          |       |       |    28 |   122 ||   150
       Double sword      |       |       |       |    11 ||    11
Invok: Berserk           |     1 |     3 |     8 |     6 ||    18
  Use: Scroll            |       |     8 |     7 |     2 ||    17
       Potion            |       |       |     2 |       ||     2
Armor: Animal skin       |     5 |       |       |       ||     5
       Swamp dragon scal |    10 |    43 |   185 |    83 ||   321
       Leather armour    |       |     6 |       |       ||     6
Dodge: Dodged            |    23 |    53 |   186 |   109 ||   371
